 Dungeon Crawl Stone Soup version 0.29-a0-872-g797fff5ad1 (webtiles) character file.

Game seed: 1108603983852352501

60 27snakeeyes612 the Shield-Bearer (level 3, -3/36 HPs)
             Began as a Troll Fighter on July 19, 2022.
             Slain by an ogre
             ... wielding a +0 giant spiked club
              (22 damage)
             ... on level 4 of the Dungeon.
             The game lasted 00:01:15 (2223 turns).

27snakeeyes612 the Shield-Bearer (Troll Fighter)    Turns: 2223, Time: 00:01:16

Health: -3/36      AC:  4    Str: 26    XL:     3   Next: 82%
Magic:  2/2        EV:  8    Int:  4    God:
Gold:   199        SH:  7    Dex:  9    Spells: 2/2 levels left

rFire   . . .      SeeInvis .   a - +0 flail
rCold   . . .      Faith    .   c - +0 kite shield
rNeg    . . .      Spirit   .   b - +0 robe
rPois   .          Reflect  .   (helmet restricted)
rElec   .          Harm     .   (no cloak)
rCorr   .          Rampage  .   (gloves unavailable)
Will    .....                   (boots unavailable)
Stlth   +.........              f - amulet of regeneration
HPRegen 1.72/turn               (no ring)
MPRegen 0.08/turn               (no ring)

@: no status effects
A: large, unfitting armour, claws 3, regeneration 1, shaggy fur 1, tough skin 1
a: no special abilities


You were on level 4 of the Dungeon.
You visited 1 branch of the dungeon, and saw 4 of its levels.

You collected 199 gold pieces.

Inventory:

Hand Weapons
 a - a +0 flail (weapon)
Armour
 b - a +0 robe (worn)
 c - a +0 kite shield (worn)
Jewellery
 f - an amulet of regeneration (around neck)
Scrolls
 g - 5 scrolls of identify {unknown}
 i - 2 scrolls of enchant armour {unknown}
 k - a scroll of enchant weapon {unknown}
 m - a scroll of amnesia {unknown}
 n - 3 scrolls of teleportation {unknown}
 o - 3 scrolls of magic mapping {unknown}
 p - a scroll of blinking {unknown}
 q - a scroll of vulnerability {unknown}
 r - a scroll of noise {unknown}
 t - 2 scrolls of fear {unknown}
Potions
 d - 3 potions of might
 e - a potion of brilliance {unknown}
 h - 2 potions of berserk rage {unknown}
 j - 3 potions of heal wounds {unknown}
 l - 3 potions of mutation {unknown}
 s - a potion of attraction {unknown}
 u - a potion of curing {unknown}


   Skills:
 + Level 2.7 Fighting
 + Level 2.3 Maces & Flails
 + Level 1.1 Throwing
 + Level 2.8 Dodging
 + Level 3.1 Shields


You had 2 spell levels left.
You didn't know any spells.
Your spell library contained the following spells:

 Spells                   Type           Power      Damage    Failure   Level
 Ignite Poison            Fire/Tmut/Pois 0%         N/A       99%         3
 Mephitic Cloud           Conj/Pois/Air  0%         N/A       99%         3
 Portal Projectile        Hex/Tloc       0%         N/A       99%         3
 Summon Guardian Golem    Hex/Summ       0%         N/A       99%         3
 Tukima's Dance           Hex            0%         N/A       99%         3
 Airstrike                Air            0%         0-1+      100%        4
 Fulminant Prism          Conj/Hex       0%         3d6       100%        4
 Iskenderun's Mystic Bla  Conj/Tloc      0%         2d3       100%        4
 Summon Lightning Spire   Summ/Air       0%         N/A       100%        4
 Blade Hands              Tmut           0%         N/A       100%        5
 Freezing Cloud           Conj/Ice/Air   0%         6-21      100%        5
 Lee's Rapid Deconstruct  Erth           0%         3d5*      100%        5
 Lightning Bolt           Conj/Air       0%         1d11      100%        5
 Silence                  Hex/Air        0%         N/A       100%        5
 Haunt                    Necr/Summ      0%         N/A       100%        7


Dungeon Overview and Level Annotations

Branches:
Dungeon (4/15)
 Temple: D:4-7

Altars:
Elyvilon


Innate Abilities, Weirdness & Mutations

You are too large for most types of armour.
You have claws for hands.
Your natural rate of healing is unusually fast.
You are covered in fur. (AC +1)
You have tough skin. (AC +1)


Message History

No target in view!
No target in view!
No target in view!
No target in view!
No target in view!
No target in view!
No target in view!
No target in view!
No target in view!
You now have 199 gold pieces (gained 7).
n - 3 scrolls labelled DIMITZA ROOS (gained 1)
u - a silvery potion
Found a stone staircase leading down.
l - 3 brown potions (gained 2)
An ogre comes into view. It is wielding a +0 giant spiked club.
An ogre is nearby!
You sock the ogre!
The ogre is moderately wounded.
The ogre hits you with a +0 giant spiked club!
You barely miss the ogre.
The ogre is moderately wounded.
The ogre barely misses you.
You sock the ogre!
The ogre is heavily wounded.
The ogre hits you with a +0 giant spiked club!!
Ouch! That really hurt!
You are too injured to fight recklessly!
You are too injured to fight recklessly!
You are too injured to fight recklessly!
You are too injured to fight recklessly!
You are too injured to fight recklessly!
You are too injured to fight recklessly!
You are too injured to fight recklessly!
You are too injured to fight recklessly!
You are too injured to fight recklessly!
You are too injured to fight recklessly!
The ogre attacks as you move away!
The ogre hits you with a +0 giant spiked club!!
Ouch! That really hurt!
You die...

#.##.# #...........
####.##.#######..##.......
#.............#..##.......
#.##.##.#####.#..##.......
# #.##.# #.#..#####+###
#.##.##.#####.#..#
................##
#.##.##.#####.#.#
#........@O....#
#.##.##..####.## # # #..#
#.# #..# #.. #..# #...
#..# #.... .... ..###.
##>. .. ##


You could see an ogre.

Vanquished Creatures
  An adder (D:3)
  3 orcs (D:3)
  4 ball pythons
  7 endoplasms
  A giant cockroach (D:3)
  3 goblins
  3 hobgoblins
  4 jackals (D:3)
  3 kobolds
  5 quokkas
  2 bats
  3 frilled lizards
  2 rats
41 creatures vanquished.

Notes
Turn   | Place    | Note
-------+----------+-------------------------------------------
     0 | D:1      | 27snakeeyes612 the Troll Fighter began the quest for the
                  | Orb.
     0 | D:1      | Reached XP level 1. HP: 22/22 MP: 0/0
   205 | D:1      | Reached XP level 2. HP: 29/29 MP: 1/1
  1154 | D:3      | Reached XP level 3. HP: 32/36 MP: 2/2
  1365 | D:3      | Reached skill level 3 in Shields
  1396 | D:3      | Found a faded altar of an unknown god.
  1424 | D:3      | Reached skill level 1 in Throwing
  1775 | D:3      | Found a faded altar of an unknown god.
  1779 | D:3      | Found a white marble altar of Elyvilon.
  2105 | D:4      | Got the Opusculum on Supportive Clouds
  2214 | D:4      | Noticed an ogre
  2223 | D:4      | Slain by an ogre

Illustrated notes

Levels and vault maps discovered:
D:1:      psy_arrival_whirlpool, layout_basic, chequers_serial_rivers_room_a,
          serial_bayou_ford_a, minmay_statues_item, minmay_ruptured
D:2:      layout_rooms
D:3:      layout_basic, nicolae_overflow_ecumenical_swirl,
          ebering_ecumenical_altar_sacrificial
D:4:      layout_basic, grunt_temple_overflow_order_and_chaos_2,
          trog_hazing_becter

Skill      XL: |  1  2  3 |
---------------+----------+-----
Maces & Flails | 2 |  2.3
Shields        | 3 |  3.1
Throwing       | 1 |  1.1
Fighting       | |  2.7
Dodging        | |  2.8

Action                   || total
-------------------------++-------
Melee: Flail             ||   129
 Stab: Sleeping          ||     1
Armor: Robe              ||    48
Dodge: Dodged            ||    59
Block: Kite shield       ||    52

Table legend: (Time is in decaauts)
 A = Elapsed time spent in this place.
 B = Non-inter-level travel time spent in this place.
 C = Inter-level travel time spent in this place.
 D = Time resting spent in this place.
 E = Time spent auto-exploring this place.
 F = Levels seen in this place.
 G = Mean time per level.
                   A        B        C        D        E       F      G
               +--------+--------+--------+--------+--------+-----+--------+
         Total |   2289 |   2207 |     82 |      0 |   1861 |   4 |  572.2 |
       Dungeon |   2289 |   2207 |     82 |      0 |   1861 |   4 |  572.2 |
               +--------+--------+--------+--------+--------+-----+--------+

Top non-repeatable levels by time:
     D:3: 1041 daAuts
     D:1: 675 daAuts
     D:2: 438 daAuts
     D:4: 134 daAuts
